 Dungeon Crawl Stone Soup version 0.27-a0-1456-gf5a116941d (webtiles) character file.

Game seed: 14886386196784075073

54 robertstho the Skirmisher (level 3, -4/51 HPs)
             Began as a Minotaur Berserker on July 6, 2021.
             Was a Follower of Trog.
             Slain by a gnoll (6 damage)
             ... on level 2 of the Dungeon.
             The game lasted 00:01:41 (1718 turns).

robertstho the Skirmisher (Minotaur Berserker)      Turns: 1718, Time: 00:01:41

Health: -4/51      AC:  2    Str: 21    XL:     3   Next: 66%
Magic:  2/2        EV: 13    Int:  5    God:    Trog [*.....]
Gold:   60         SH:  0    Dex: 15    Spells: 2/2 levels left

rFire    . . .     SeeInvis .   a - +0 hand axe
rCold    . . .     Faith    .   (no shield)
rNeg     . . .     Spirit   .   b - +0 animal skin
rPois    .         Reflect  .   (helmet restricted)
rElec    .         Harm     .   (no cloak)
rCorr    .         Rampage  .   (no gloves)
Will     .....                  (no boots)
Stlth    ..........             (no amulet)
HPRegen  0.17/turn              c - +6 ring of dexterity
MPRegen  0.08/turn              (no ring)

@: berserking, very quick
A: horns 2, retaliatory headbutt
a: Renounce Religion, Berserk


You were on level 2 of the Dungeon.
You worshipped Trog.
Trog was aware of your devotion.
You visited 1 branch of the dungeon, and saw 2 of its levels.

You collected 60 gold pieces.

Inventory:

Hand Weapons
 a - a +0 hand axe (weapon)
Armour
 b - a +0 animal skin (worn)
Jewellery
 c - a +6 ring of dexterity (left hand)
 d - an amulet of magic regeneration
 i - a ring of resist corrosion
Scrolls
 e - a scroll of vulnerability {unknown}
 j - a scroll of fog {unknown}
Potions
 f - a potion of degeneration {unknown}
 g - a potion of curing {unknown}
 h - a potion of magic {unknown}


   Skills:
 * Level 4.7 Fighting
 + Level 4.1 Axes
 * Level 2.8 Armour
 * Level 2.7 Dodging


You had 2 spell levels left.
You didn't know any spells.
Your spell library was empty.

Dungeon Overview and Level Annotations

Branches:
Dungeon (2/15)

Altars:

Shops:
D:2 :


Innate Abilities, Weirdness & Mutations

You have a pair of horns on your head.
You reflexively headbutt those who attack you in melee.


Message History

You barely miss the ball python. The ball python closely misses you.
The ball python completely misses you.
You hit the ball python.
You kill the ball python!
Trog accepts your kill.
No target in view!
No target in view!
A rat comes into view.
Found Xahaamang's Book Shop.
A rat is nearby!
A rat is nearby!
A rat is nearby!
A rat is nearby!
The rat bites you.
You hit the rat.
You kill the rat!
Trog accepts your kill.
No target in view!
There is an entrance to Xahaamang's Book Shop here.
You open the door.
There is an entrance to Xahaamang's Book Shop here. 4 gnolls come into view.
The gnoll shouts! x2; You hear an angry hiss.
The gnoll barely misses you.
There are monsters nearby!
There are monsters nearby!
There are monsters nearby!
There are monsters nearby!
The gnoll hits you with a +0 spear! x2
The gnoll hits you from afar with a +0 halberd!
* * * LOW HITPOINT WARNING * * *
A red film seems to cover your vision as you go berserk!
You feel yourself moving faster!
You feel mighty! The gnoll barely misses you.
The gnoll hits you with a +0 spear.
* * * LOW HITPOINT WARNING * * *
The gnoll closely misses you.
You closely miss the gnoll. Your headbutt misses the gnoll.
You slash the gnoll!
The gnoll hits you from afar with a +0 spear.
You die...

.......# #.......####
.......+ +.......'..+
.......###.......####...
..........#####†∩....#
..........# ##.###.#
..........# ####.#
..........# #....# #
#######...###....###.####
#######.........@#ggg....
#....##...........g#
.(...''............#
.....##............#
.....#####.....#####
#.....# ..............:#
#.....# .##............#
#.....# +##............#
#.....# ...###########...
#.....#


You could see a gnoll.

Vanquished Creatures
  An adder (D:2)
  A worm (D:2)
  A dart slug (D:1)
  5 bats
  An endoplasm (D:1)
  2 giant cockroaches
  3 goblins (D:1)
  3 hobgoblins
  5 kobolds (D:1)
  4 quokkas (D:1)
  4 ball pythons
  7 rats
37 creatures vanquished.

Notes
Turn   | Place    | Note
-------+----------+-------------------------------------------
     0 | D:1      | robertstho the Minotaur Berserker began the quest for the
                  | Orb.
     0 | D:1      | Reached XP level 1. HP: 19/19 MP: 0/0
    62 | D:1      | Reached XP level 2. HP: 19/27 MP: 1/1
   847 | D:1      | Reached XP level 3. HP: 32/34 MP: 2/2
  1683 | D:2      | Found Xahaamang's Book Shop.
  1716 | D:2      | HP: 1/51 [gnoll (5)]
  1718 | D:2      | Slain by a gnoll

Illustrated notes

Levels and vault maps discovered:
D:1:      saegor_arrival_miasma, layout_basic
D:2:      layout_basic, serial_shops, shop

Skill      XL: |  1  2 |
---------------+-------+-----
Fighting       | 4 |  4.7
Axes           | 4 |  4.1
Armour         | |  2.8
Dodging        | |  2.7

Action                   || total
-------------------------++-------
Melee: Hand axe          ||    50
       Headbutt          ||    10
Invok: Berserk           ||     3
 Stab: Sleeping          ||     2
Armor: Animal skin       ||     9
Dodge: Dodged            ||    44

Table legend: (Time is in decaauts)
 A = Elapsed time spent in this place.
 B = Non-inter-level travel time spent in this place.
 C = Inter-level travel time spent in this place.
 D = Time resting spent in this place.
 E = Time spent auto-exploring this place.
 F = Levels seen in this place.
 G = Mean time per level.
                   A        B        C        D        E       F      G
               +--------+--------+--------+--------+--------+-----+--------+
         Total |   1738 |   1691 |     47 |     47 |   1453 |   2 |  869.0 |
       Dungeon |   1738 |   1691 |     47 |     47 |   1453 |   2 |  869.0 |
               +--------+--------+--------+--------+--------+-----+--------+

Top non-repeatable levels by time:
     D:1: 1291 daAuts
     D:2: 447 daAuts
